APP
BALTIMORE (APP) ORIOLES @ PULASKI YANKEES
10/22/2047
 
TOP OF THE 1ST
Baltimore (APP) Orioles batting - Pitching for Bluefield Blue Jays : RHP Joe Quesenberry
Pitching: RHP Joe Quesenberry
Batting: RHB Rafael Medina 0-0: SINGLE (Groundball, 6MD, EV 103.8 MPH)
Batting: RHB Eric Meijerink 0-0: Ball
1-0: Ball
2-0: Called Strike
2-1: Fielders Choice at 2nd, 4-6 (Groundball, 34, EV 81.9 MPH)
Batting: LHB Stu Sornson 0-0: Ball
1-0: Foul Ball, location: 2F
1-1: Swinging Strike
1-2: Strikes out swinging
Batting: RHB Omar Mascarenas 0-0: Ball
1-0: Ground out 5-3 (Groundball, 56S, EV 66.9 MPH)
Top of the 1st over - 0 runs, 1 hit, 0 errors, 1 left on base; Baltimore (APP) 0 - Bluefield 0
BOTTOM OF THE 1ST
Bluefield Blue Jays batting - Pitching for Baltimore (APP) Orioles : RHP Jeff Recker
Pitching: RHP Jeff Recker
Batting: RHB Mario Alfaro 0-0: Swinging Strike
0-1: Ball
1-1: Ground out 5-3 (Groundball, 56, EV 109.4 MPH)
Batting: RHB Willie de la Cruz 0-0: Ball
1-0: Ball
2-0: Called Strike
2-1: Foul Ball, location: 2F
2-2: Foul Ball, location: 2F
2-2: Ball
3-2: Foul Ball, location: 2F
3-2: Foul Ball, location: 2F
3-2: DOUBLE (Line Drive, 7LS, EV 102.5 MPH)
Batting: SHB Orlando Lopez 0-0: Ball
1-0: Ball
2-0: Foul Ball, location: 2F
2-1: Ball
3-1: Called Strike
3-2: Base on Balls
Batting: RHB Murray Yerzy 0-0: SINGLE (Groundball, 6MD, EV 99.4 MPH)
Willie de la Cruz to third
Orlando Lopez to second
Batting: RHB Jason Calvi 0-0: Called Strike
0-1: Ball
1-1: Foul Ball, location: 2F
1-2: Foul Ball, location: 2F
1-2: Ball
2-2: Fly out, F9 (Flyball, 9LM, EV 96.3 MPH)
Runner from 3rd tags up, SCORES, throw by RF
Batting: LHB Paul Caliari 0-0: Called Strike
0-1: Ball
1-1: SINGLE (Groundball, 4MD, EV 102.5 MPH)
Orlando Lopez to third
Murray Yerzy to second
Runner from 3rd tries for Home, throw by CF and OUT! 8-2
Bottom of the 1st over - 1 run, 3 hits, 0 errors, 2 left on base; Baltimore (APP) 0 - Bluefield 1
TOP OF THE 2ND
Baltimore (APP) Orioles batting - Pitching for Bluefield Blue Jays : RHP Joe Quesenberry
Batting: RHB Sean Ward 0-0: Foul Ball, location: 2F
0-1: Called Strike
0-2: Strikes out swinging
Batting: RHB Andres Cervantes 0-0: Called Strike
0-1: Called Strike
0-2: Ball
1-2: Ball
2-2: Foul Ball, location: 2F
2-2: Strikes out swinging
Batting: RHB Joel Escalera 0-0: Called Strike
0-1: Called Strike
0-2: Ball
1-2: Foul Ball, location: 2F
1-2: Strikes out looking
Top of the 2nd over - 0 runs, 0 hits, 0 errors, 0 left on base; Baltimore (APP) 0 - Bluefield 1
BOTTOM OF THE 2ND
Bluefield Blue Jays batting - Pitching for Baltimore (APP) Orioles : RHP Jeff Recker
Batting: RHB Sung-ho Lee 0-0: Called Strike
0-1: Ball
1-1: Ball
2-1: Called Strike
2-2: Foul Ball, location: 2F
2-2: Ground out 6-3 (Groundball, 6MS, EV 83.8 MPH)
Batting: RHB Jose Amparan 0-0: Ball
1-0: Ball
2-0: Foul Ball, location: 2F
2-1: Ball
3-1: Foul Ball, location: 2F
3-2: Foul Ball, location: 2F
3-2: Ground out 6-3 (Groundball, 6, EV 87.5 MPH)
Batting: RHB Tyler Gray 0-0: Ball
1-0: Called Strike
1-1: Ground out 6-3 (Groundball, 56, EV 84.4 MPH)
Bottom of the 2nd over - 0 runs, 0 hits, 0 errors, 0 left on base; Baltimore (APP) 0 - Bluefield 1
TOP OF THE 3RD
Baltimore (APP) Orioles batting - Pitching for Bluefield Blue Jays : RHP Joe Quesenberry
Batting: RHB Trevor Smith 0-0: Called Strike
0-1: Ball
1-1: Ground out 1-3 (Groundball, 13, EV 86.3 MPH)
Batting: RHB Brett Steele 0-0: Ball
1-0: Ground out 6-3 (Groundball, 6, EV 82.5 MPH)
Batting: RHB Rafael Medina 0-0: Swinging Strike
0-1: Foul Ball, location: 2F
0-2: Ball
1-2: Strikes out swinging
Top of the 3rd over - 0 runs, 0 hits, 0 errors, 0 left on base; Baltimore (APP) 0 - Bluefield 1
BOTTOM OF THE 3RD
Bluefield Blue Jays batting - Pitching for Baltimore (APP) Orioles : RHP Jeff Recker
Batting: RHB Mario Alfaro 0-0: Ball
1-0: Foul Ball, location: 2F
1-1: Swinging Strike
1-2: Fly out, F8 (Flyball, 8LS, EV 81.3 MPH)
Batting: RHB Willie de la Cruz 0-0: Ball
1-0: Foul Ball, location: 2F
1-1: Ball
2-1: Ball
3-1: Fly out, F6 (Popup, 6, EV 74.4 MPH)
Batting: SHB Orlando Lopez 0-0: Called Strike
0-1: Ball
1-1: Ball
2-1: Foul Ball, location: 2F
2-2: Foul Ball, location: 2F
2-2: Foul Ball, location: 2F
2-2: Foul Ball, location: 2F
2-2: Ground out 4-3 (Groundball, 4, EV 85.6 MPH)
Bottom of the 3rd over - 0 runs, 0 hits, 0 errors, 0 left on base; Baltimore (APP) 0 - Bluefield 1
TOP OF THE 4TH
Baltimore (APP) Orioles batting - Pitching for Bluefield Blue Jays : RHP Joe Quesenberry
Batting: RHB Eric Meijerink 0-0: Ball
1-0: Called Strike
1-1: Ball
2-1: Called Strike
2-2: Ground out 6-3 (Groundball, 6M, EV 83.1 MPH)
Batting: LHB Stu Sornson 0-0: Called Strike
0-1: Swinging Strike
0-2: Strikes out swinging
Batting: RHB Omar Mascarenas 0-0: Ball
1-0: Called Strike
1-1: Ball
2-1: Ball
3-1: SINGLE (Groundball, 56D, EV 108.1 MPH)
Batting: RHB Sean Ward 0-0: Swinging Strike
0-1: Ball
1-1: DOUBLE (Line Drive, 7LD, EV 108.8 MPH)
Omar Mascarenas to third
Runner from 3rd tries for Home, SAFE, no throw by LF
Batting: RHB Andres Cervantes 0-0: Intentional Walk
Batting: RHB Joel Escalera 0-0: Called Strike
0-1: Fielders Choice at 2nd, U6 (Groundball, 6M, EV 101.3 MPH)
Top of the 4th over - 1 run, 2 hits, 0 errors, 2 left on base; Baltimore (APP) 1 - Bluefield 1
BOTTOM OF THE 4TH
Bluefield Blue Jays batting - Pitching for Baltimore (APP) Orioles : RHP Jeff Recker
Batting: RHB Murray Yerzy 0-0: Called Strike
0-1: Ball
1-1: Ground out 6-3 (Groundball, 6S, EV 81.3 MPH)
Batting: RHB Jason Calvi 0-0: Called Strike
0-1: Called Strike
0-2: Ball
1-2: Ball
2-2: Ball
3-2: Fly out, F3 (Popup, 34, EV 77.5 MPH)
Batting: LHB Paul Caliari 0-0: Ground out U3 (Groundball, 34, EV 80.6 MPH)
Bottom of the 4th over - 0 runs, 0 hits, 0 errors, 0 left on base; Baltimore (APP) 1 - Bluefield 1
TOP OF THE 5TH
Baltimore (APP) Orioles batting - Pitching for Bluefield Blue Jays : RHP Joe Quesenberry
Batting: RHB Trevor Smith 0-0: Ball
1-0: Called Strike
1-1: Foul Ball, location: 2F
1-2: Strikes out looking
Batting: RHB Brett Steele 0-0: Ball
1-0: Foul Ball, location: 2F
1-1: Foul Ball, location: 2F
1-2: Strikes out swinging
Batting: RHB Rafael Medina 0-0: Called Strike
0-1: Swinging Strike
0-2: Strikes out swinging
Top of the 5th over - 0 runs, 0 hits, 0 errors, 0 left on base; Baltimore (APP) 1 - Bluefield 1
BOTTOM OF THE 5TH
Bluefield Blue Jays batting - Pitching for Baltimore (APP) Orioles : RHP Jeff Recker
Batting: RHB Sung-ho Lee 0-0: Ball
1-0: Swinging Strike
1-1: Ball
2-1: Ball
3-1: TRIPLE (Line Drive, 78XD, EV 109.4 MPH)
Pitching: LHP Shane Cale
Batting: RHB Jose Amparan 0-0: Ball
1-0: Foul Ball, location: 2F
1-1: Ball
2-1: Ball
3-1: Base on Balls
Batting: RHB Tyler Gray 0-0: Called Strike
0-1: Foul Ball, location: 2F
0-2: Strikes out swinging
Batting: RHB Mario Alfaro 0-0: Swinging Strike
0-1: Ball
1-1: Foul Ball, location: 2F
1-2: Ball
2-2: Ground out 4-3 (Groundball, 4S, EV 73.8 MPH)
Sung-ho Lee scores
Jose Amparan to second
Batting: RHB Willie de la Cruz 0-0: Hit by Pitch
Batting: SHB Orlando Lopez 0-0: Swinging Strike
0-1: Foul Ball, location: 2F
0-2: Ball
1-2: Ball
2-2: 3-RUN HOME RUN (Flyball, 7LD, EV 109.4 MPH), Distance : 357 ft
Pitching: LHP Daniel Becker
Batting: RHB Murray Yerzy 0-0: Swinging Strike
0-1: Ball
1-1: Ball
2-1: Ball
3-1: Fly out, F8 (Flyball, 8RD, EV 108.8 MPH)
Bottom of the 5th over - 4 runs, 2 hits, 0 errors, 0 left on base; Baltimore (APP) 1 - Bluefield 5
TOP OF THE 6TH
Baltimore (APP) Orioles batting - Pitching for Bluefield Blue Jays : RHP Joe Quesenberry
Batting: RHB Eric Meijerink 0-0: Called Strike
0-1: Swinging Strike
0-2: Ball
1-2: Ball
2-2: Ground out 5-3 (Groundball, 5, EV 105.6 MPH)
Batting: LHB Stu Sornson 0-0: Ground out 5-3 (Groundball, 56, EV 79.4 MPH)
Batting: RHB Omar Mascarenas 0-0: Called Strike
0-1: Called Strike
0-2: Strikes out swinging
Top of the 6th over - 0 runs, 0 hits, 0 errors, 0 left on base; Baltimore (APP) 1 - Bluefield 5
BOTTOM OF THE 6TH
Bluefield Blue Jays batting - Pitching for Baltimore (APP) Orioles : LHP Daniel Becker
Batting: RHB Jason Calvi 0-0: Called Strike
0-1: Foul Ball, location: 2F
0-2: DOUBLE (Line Drive, 7LM, EV 108.1 MPH)
Batting: LHB Paul Caliari 0-0: Ball
1-0: Fly out, F3 (Line Drive, 3, EV 61.3 MPH)
Batting: RHB Sung-ho Lee 0-0: Called Strike
0-1: Ball
1-1: Ground out 6-3 (Groundball, 6, EV 90.6 MPH)
Batting: RHB Jose Amparan 0-0: Called Strike
0-1: Ball
1-1: 2-RUN HOME RUN (Flyball, 7D, EV 95.6 MPH), Distance : 369 ft
Batting: RHB Tyler Gray 0-0: Ball
1-0: Ball
2-0: Swinging Strike
2-1: Ball
3-1: Base on Balls
Batting: RHB Mario Alfaro 0-0: Ball
1-0: Called Strike
1-1: Ball
2-1: Foul Ball, location: 2F
2-2: Fielders Choice at 2nd, 6-4 (Groundball, 6, EV 97.5 MPH)
Bottom of the 6th over - 2 runs, 2 hits, 0 errors, 1 left on base; Baltimore (APP) 1 - Bluefield 7
TOP OF THE 7TH
Baltimore (APP) Orioles batting - Pitching for Bluefield Blue Jays : RHP Joe Quesenberry
Batting: RHB Sean Ward 0-0: Ball
1-0: Foul Ball, location: 2F
1-1: Called Strike
1-2: Strikes out swinging
Batting: RHB Andres Cervantes 0-0: Ball
1-0: Foul Ball, location: 2F
1-1: Ground out 6-3 (Groundball, 6, EV 97.5 MPH)
Batting: RHB Joel Escalera 0-0: Foul Ball, location: 2F
0-1: Foul Ball, location: 2F
0-2: SINGLE (Groundball, 6MD, EV 100.0 MPH)
Batting: RHB Trevor Smith 0-0: Ball
1-0: Ball
2-0: Ball
3-0: Called Strike
3-1: Foul Ball, location: 2F
3-2: 2-RUN HOME RUN (Flyball, 78XD, EV 105.0 MPH), Distance : 429 ft
Batting: RHB Brett Steele 0-0: Called Strike
0-1: Called Strike
0-2: Strikes out swinging
Top of the 7th over - 2 runs, 2 hits, 0 errors, 0 left on base; Baltimore (APP) 3 - Bluefield 7
BOTTOM OF THE 7TH
Bluefield Blue Jays batting - Pitching for Baltimore (APP) Orioles : LHP Daniel Becker
Pitching: RHP Alberto Gomez
Batting: RHB Willie de la Cruz 0-0: Ball
1-0: Called Strike
1-1: Foul Ball, location: 2F
1-2: Ball
2-2: SOLO HOME RUN (Flyball, 78XD, EV 108.1 MPH), Distance : 417 ft
Batting: SHB Orlando Lopez 0-0: Ball
1-0: Foul Ball, location: 2F
1-1: Called Strike
1-2: Ball
2-2: Ball
3-2: Fly out, F7 (Flyball, 7S, EV 82.5 MPH)
Batting: RHB Murray Yerzy 0-0: Ball
1-0: Ball
2-0: Called Strike
2-1: SINGLE (Line Drive, 89S, EV 105.6 MPH)
Batting: RHB Jason Calvi 0-0: Ball
Pickoff Throw by Catcher to First - Out!
1-0: Ball
2-0: Ball
3-0: Called Strike
3-1: Foul Ball, location: 2F
3-2: Foul Ball, location: 2F
3-2: Foul Ball, location: 2F
3-2: Base on Balls
Batting: LHB Paul Caliari 0-0: Ball
1-0: Ball
2-0: Foul Ball, location: 2F
2-1: Fly out, F7 (Flyball, 7D, EV 99.4 MPH)
Bottom of the 7th over - 1 run, 2 hits, 0 errors, 1 left on base; Baltimore (APP) 3 - Bluefield 8
TOP OF THE 8TH
Baltimore (APP) Orioles batting - Pitching for Bluefield Blue Jays : RHP Joe Quesenberry
Now at 1B: Mel Medlin
Batting: RHB Rafael Medina 0-0: SINGLE (Groundball, 56D, EV 97.5 MPH)
Batting: RHB Eric Meijerink 0-0: Ball
1-0: Swinging Strike
1-1: Ball
2-1: Ball
3-1: Foul Ball, location: 2F
3-2: Strikes out swinging
Pitching: RHP Robert Cucci
Batting: LHB Stu Sornson 0-0: Ball
1-0: Foul Ball, location: 2F
1-1: Swinging Strike
1-2: Ball
2-2: Ball
3-2: Strikes out swinging
Batting: RHB Omar Mascarenas 0-0: Foul Ball, location: 2F
0-1: Foul Ball, location: 2F
0-2: Ball
1-2: Strikes out swinging
Top of the 8th over - 0 runs, 1 hit, 0 errors, 1 left on base; Baltimore (APP) 3 - Bluefield 8
BOTTOM OF THE 8TH
Bluefield Blue Jays batting - Pitching for Baltimore (APP) Orioles : RHP Alberto Gomez
Batting: RHB Sung-ho Lee 0-0: Ball
1-0: Called Strike
1-1: Foul Ball, location: 2F
1-2: Strikes out looking
Batting: RHB Jose Amparan 0-0: Ball
1-0: Swinging Strike
1-1: Swinging Strike
1-2: Strikes out swinging
Batting: RHB Tyler Gray 0-0: Foul Ball, location: 2F
0-1: Ball
1-1: Ball
2-1: Ground out 6-3 (Groundball, 6, EV 91.3 MPH)
Bottom of the 8th over - 0 runs, 0 hits, 0 errors, 0 left on base; Baltimore (APP) 3 - Bluefield 8
TOP OF THE 9TH
Baltimore (APP) Orioles batting - Pitching for Bluefield Blue Jays : RHP Robert Cucci
Batting: RHB Sean Ward 0-0: Called Strike
0-1: Swinging Strike
0-2: Foul Ball, location: 2F
0-2: Foul Ball, location: 2F
0-2: Ball
1-2: Foul Ball, location: 2F
1-2: Ball
2-2: Ground out 5-3 (Groundball, 56S, EV 86.3 MPH)
Batting: RHB Andres Cervantes 0-0: Called Strike
0-1: Ball
1-1: Ground out 6-3 (Groundball, 6M, EV 103.8 MPH)
Batting: RHB Joel Escalera 0-0: Called Strike
0-1: Ball
1-1: Ball
2-1: Swinging Strike
2-2: Ball
3-2: Strikes out swinging
Top of the 9th over - 0 runs, 0 hits, 0 errors, 0 left on base; Baltimore (APP) 3 - Bluefield 8
Thursday, December 15th , 2022 - OOTP Baseball 23.9 Build 102